 Dungeon Crawl Stone Soup version 0.29.1-15-g9cfb28693d (webtiles) character file.

Game seed: 17149668605825908987

67 DemonSlayer the Digger (level 3, -2/24 HPs)
             Began as a Demonspawn Earth Elementalist on Mar 9, 2023.
             Succumbed to a kobold's poison
             ... on level 2 of the Dungeon.
             The game lasted 00:02:07 (1816 turns).

DemonSlayer the Digger (DsEE)                       Turns: 1816, Time: 00:02:07

Health: -2/24      AC:  2    Str:  8    XL:     3   Next: 98%
Magic:  0/7        EV: 12    Int: 16    God:
Gold:   86         SH:  0    Dex: 15    Spells: 5/8 levels left

rFire   . . .      SeeInvis .   e - +0 dagger
rCold   . . .      Faith    .   (no shield)
rNeg    . . .      Spirit   .   a - +0 robe
rPois   .          Reflect  .   (no helmet)
rElec   .          Harm     .   (no cloak)
rCorr   .          Rampage  .   (no gloves)
Will    .....                   (no boots)
Stlth   ++........              i - amulet of the acrobat
HPRegen 0.08/turn               (no ring)
MPRegen 0.10/turn               (no ring)

@: lethally poisoned (-2 -> -32), flying
A: weakness stinger 1
a: no special abilities


You were on level 2 of the Dungeon.
You visited 1 branch of the dungeon, and saw 2 of its levels.

You collected 86 gold pieces.

Inventory:

Hand Weapons
 e - a +0 dagger (weapon)
Armour
 a - a +0 robe (worn)
Jewellery
 i - an amulet of the acrobat (around neck)
Wands
 j - a wand of paralysis (9)
Scrolls
 g - 2 scrolls of identify {unknown}
 h - 3 scrolls of fear {unknown}
 l - a scroll of vulnerability {unknown}
 m - a scroll of magic mapping {unknown}
Potions
 b - a potion of magic
 c - a potion of haste {unknown}
 d - a potion of flight
 f - 2 potions of brilliance {unknown}
 k - a potion of lignification {unknown}


   Skills:
 + Level 0.7 Short Blades
 + Level 2.1 Dodging
 + Level 2.0 Stealth
 + Level 3.1 Spellcasting
 + Level 0.8 Transmutations
 + Level 3.2 Earth Magic


You had 5 spell levels left.
You knew the following spells:

 Your Spells              Type           Power      Damage    Failure   Level
a - Sandblast             Erth           24%        2d8       4%          1
b - Passwall              Tmut/Erth      7%         N/A       12%         2

Your spell library contained the following spells:

 Spells                   Type           Power      Damage    Failure   Level
 Stone Arrow              Conj/Erth      14%        3d7       28%         3
 Petrify                  Tmut/Erth      9%         N/A       63%         4


Dungeon Overview and Level Annotations

Branches:
Dungeon (2/15)

Altars:


Innate Abilities, Weirdness & Mutations

You have a small tail.


Message History

The kobold is wielding a +2 short sword of venom.
The blast of sand hits the quokka!
You kill the quokka!
Found a stone staircase leading up and a stone staircase leading down.
The ball python completely misses you. The ball python barely misses you.
The blast of sand hits the ball python!
You kill the ball python!
The kobold shouts!
The adder hisses angrily.
Found a ring mail.
The adder completely misses you. The adder barely misses you.
The blast of sand hits the adder.
The adder is lightly wounded.
The adder closely misses you.
The kobold throws a stone.
The stone hits you.
The blast of sand misses the adder.
The adder barely misses you.
The kobold throws a stone.
The stone hits you but does no damage. The adder barely misses you.
The blast of sand misses the adder.
The adder bites you.
You are poisoned.
The adder poisons you! The kobold closely misses you.
The adder barely misses you.
The blast of sand misses the adder.
You feel sick. The adder closely misses you.
The kobold hits you with a +2 short sword of venom.
The adder bites you but does no damage. The kobold barely misses you.
The blast of sand hits the adder!
You kill the adder!
You feel sick. The kobold barely misses you.
Your Spellcasting skill increases to level 3!
The blast of sand hits the kobold but does no damage.
You feel sick.
You are no longer poisoned.
The kobold hits you with a +2 short sword of venom.
You are lethally poisoned!
The kobold hits you with a +2 short sword of venom.
* * * LOW HITPOINT WARNING * * *
You are more poisoned.
It was a potion of flight.
You feel very buoyant.
You fly up into the air.
You die...

## #.. #####
#.8. #...#
##...###.<.#
.......†...
⌠.....†..#
......K@.#
##.......######
#............#
#........⌠...#
..............#
[>.###...####.#
... #.8.# #..#
## #...# #.##
#######.######.


You could see a kobold.

Vanquished Creatures
  3 adders (D:2)
  An orc (D:2)
  3 endoplasms
  2 giant cockroaches
  A goblin (D:2)
  7 hobgoblins
  3 kobolds
  3 quokkas (D:2)
  2 ball pythons (D:2)
  A bat (D:1)
  5 frilled lizards (D:1)
  7 rats
38 creatures vanquished.

Notes
Turn   | Place    | Note
-------+----------+-------------------------------------------
     0 | D:1      | DemonSlayer the Demonspawn Earth Elementalist began the
                  | quest for the Orb.
     0 | D:1      | Reached XP level 1. HP: 13/13 MP: 3/3
   377 | D:1      | Gained mutation: You have a small tail. [demonic ancestry]
   377 | D:1      | Reached XP level 2. HP: 19/19 MP: 1/5
  1069 | D:1      | Learned a level 2 spell: Passwall
  1227 | D:2      | Reached XP level 3. HP: 24/24 MP: 4/7
  1816 | D:2      | Succumbed to a kobold's poison

Illustrated notes

Levels and vault maps discovered:
D:1:      grunt_arrival_lava_bath, layout_loops_ring, serial_park_tiny_1
D:2:      minmay_inner_zag, layout_loops_ring, nicolae_elevator_lobby_asterisk

Skill      XL: |  1  2  3 |
---------------+----------+-----
Dodging        | 2 |  2.1
Earth Magic    | 3 |  3.2
Stealth        | 2 |  2.0
Spellcasting   | 3 |  3.1
Short Blades   | |  0.7
Transmutations | |  0.8

Action                   || total
-------------------------++-------
Melee: Unarmed           ||     5
       Dagger            ||    21
       Tailslap          ||     4
 Cast: Sandblast         ||    56
  Use: Potion            ||     1
 Stab: Sleeping          ||     4
Armor: Robe              ||     8
Dodge: Dodged            ||    47
